 Dungeon Crawl Stone Soup version 0.19.4-8-ga85b6b9 (console) character file.

1383 itsmu the Chiller (level 8, -4/52 HPs)
             Began as a Formicid Ice Elementalist on Feb 8, 2017.
             Slain by a wyvern skeleton (14 damage)
             ... on level 6 of the Dungeon.
             The game lasted 00:22:15 (7115 turns).

itsmu the Chiller (Formicid Ice Elementalist)       Turns: 7115, Time: 00:22:16

Health: -4/52      AC:  4    Str: 14    XL:     8   Next: 99%
Magic:  17/17      EV: 12    Int: 16    God:
Gold:   164        SH:  0    Dex: 11    Spells: 6 memorised, 3 levels left

rFire  . . .     SeeInvis +     a - +0 dagger (elec)
rCold  . . .     Gourm    .     g - +1 robe
rNeg   . . .     Faith    .     (no shield)
rPois  .         Spirit   .     (helmet unavailable)
rElec  .         Reflect  .     q - +0 cloak
rCorr  +         Harm     .     (no gloves)
MR     .....                    (no boots)
Stlth  ++........               (no amulet)
                                (no ring)
                                C - ring of resist corrosion

@: no status effects
A: permanent stasis, dig shafts and tunnels, four strong arms, antennae 3
a: Dig, Shaft Self


You were on level 6 of the Dungeon.
You were not hungry.

You visited 1 branch of the dungeon, and saw 7 of its levels.

You collected 164 gold pieces.

Inventory:

Hand Weapons
 a - a +0 dagger of electrocution (weapon)
   (You found it on level 1 of the Dungeon)
 b - a +1 short sword of draining
   (You took it off a kobold on level 2 of the Dungeon)
Missiles
 d - 64 sling bullets
 f - 195 stones (quivered)
 i - 119 arrows
Armour
 g - a +1 robe (worn)
 q - a +0 cloak (worn)
   (You found it on level 4 of the Dungeon)
Magical Staves
 w - an uncursed staff of summoning
   (You found it on level 5 of the Dungeon)
Jewellery
 C - a ring of resist corrosion (left hand)
   (You found it on level 4 of the Dungeon)
Wands
 p - a wand of slowing (30/48)
   (You took it off an orc on level 5 of the Dungeon)
 y - a wand of slowing (12/48)
   (You found it on level 5 of the Dungeon)
Scrolls
 e - 4 scrolls of magic mapping
 l - 3 scrolls of remove curse
 s - 3 scrolls of identify
Potions
 h - a potion of agility
 j - a potion of resistance
 o - 2 potions of flight
 t - 2 potions of brilliance
Books
 r - Giutz's Almanac of Assistive Changing
   (You found it on level 5 of the Dungeon)

   Spells                             Type                      Level
   a - Sticks to Snakes               Transmutation                2
   b - Passwall                       Transmutation/Earth          2
   c - Deflect Missiles               Charms/Air                   6
   d - Statue Form                    Transmutation/Earth          6
 u - a book of Frost

   Spells                             Type                      Level
   a - Freeze                         Ice                          1
   b - Throw Frost                    Conjuration/Ice              2
   c - Ozocubu's Armour               Charms/Ice                   3
   d - Throw Icicle                   Conjuration/Ice              4
   e - Summon Ice Beast               Ice/Summoning                4
Comestibles
 c - 3 bread rations
 k - 7 chunks of flesh
 m - 4 fruits
 x - a meat ration


   Skills:
 - Level 1.7 Dodging
 - Level 2.4 Stealth
 + Level 6.1 Spellcasting
 + Level 5.2 Conjurations
 + Level 0.8 Summonings
 + Level 1.0 Transmutations
 + Level 6.8 Ice Magic


You had 3 spell levels left.
You knew the following spells:

 Your Spells              Type           Power        Failure   Level  Hunger
a - Freeze                Ice            ####         1%          1    None
b - Throw Frost           Conj/Ice       ###...       1%          2    #......
c - Summon Ice Beast      Ice/Summ       ###.....     34%         4    ####...
d - Throw Icicle          Conj/Ice       ###.....     12%         4    ####...
e - Sticks to Snakes      Tmut           #.......     14%         2    #......
Q - Ozocubu's Armour      Chrm/Ice       ###.....     12%         3    ##.....


Dungeon Overview and Level Annotations

Branches:
Dungeon (7/15)
 Temple: D:4-7

Altars:
Ashenzari
Dithmenos
Gozag
Hepliaklqana
Kikubaaqudgha
Nemelex Xobeh
Ru
Uskayaw
Zin

Shops:
D:2 *

Annotations:
D:5 exclusion: phantom


Innate Abilities, Weirdness & Mutations

You are under a permanent stasis effect.
You can dig through walls and to a lower floor.
Your four strong arms can wield two-handed weapons with a shield.
You have a pair of large antennae on your head. (SInv)


Message History

* * * LOW HITPOINT WARNING * * *
The wyvern skeleton bites you!
* * * LOW HITPOINT WARNING * * *
The wyvern skeleton closely misses you.
It was a potion of cancellation.
Your magical effects are unravelling.
You feel magically purged.
You feel less invigorated.
You feel less confused.
You feel a little less clever now. The wyvern skeleton closely misses you.
Okay, then.
Evoke which item? (* to show all) (? for menu, Esc to quit)
Zapping:
y - a wand of slowing (will waste charges)
Press: ? - help, Shift-Dir - straight line, f/p - wyvern skeleton
Aim: a wyvern skeleton (heavily damaged, chance to defeat MR: 64%)
The wyvern skeleton struggles to resist.
Evoking this partially-identified wand wasted a few charges.
The wyvern skeleton bites you.
* * * LOW HITPOINT WARNING * * *
The wyvern skeleton bites you!
You die...

##....# #.....# #.....###
#....... . ####.....#
..###....?...####
................# #.
#...##M##.# #%# # ..
#.##...#Z###.# ##.# .# ##
##.......F....###..###.##.
..
.....................>...
# .....#.#.###...##..#...#
...............##..#...# #
.....####....[.........#
.# # .[...
#......##..#...##.# # ....
#..................#


You could see a bullfrog and a wyvern skeleton.

Vanquished Creatures
  The ghost of bosm the Sneak, an amateur VSAs (D:4)
  4 centaurs (D:5)
  A scorpion (D:3)
  A crimson imp (D:5)
  A centaur zombie (D:5)
  4 hounds
  A jelly (D:5)
  3 orc wizards
  A bullfrog skeleton (D:6)
  3 worker ants
  Natasha (thrice) (D:3)
  A hound skeleton (D:4)
  A hound zombie (D:6)
  12 adders
  5 gnolls (D:4)
  2 oozes
  An adder skeleton (D:3)
  3 dart slugs (D:1)
  4 leopard geckos
  9 orcs
  8 giant cockroaches
  6 goblins
  6 hobgoblins
  12 jackals
  5 kobolds
  3 quokkas
  2 ball pythons
  10 bats
  4 frilled lizards
  12 rats
129 creatures vanquished.

Vanquished Creatures (collateral kills)
  A hippogriff (D:5)
1 creature vanquished.

Grand Total: 130 creatures vanquished

Notes
Turn   | Place    | Note
-------+----------+-------------------------------------------
     0 | D:1      | itsmu the Formicid Ice Elementalist began the quest for the Orb.
     0 | D:1      | Reached XP level 1. HP: 13/13 MP: 3/3
   176 | D:1      | Reached XP level 2. HP: 13/19 MP: 2/5
   181 | D:1      | Learned a level 2 spell: Throw Frost
   243 | D:1      | Reached skill level 1 in Conjurations
   354 | D:1      | Reached XP level 3. HP: 12/24 MP: 4/7
  1316 | D:2      | Reached XP level 4. HP: 30/30 MP: 8/8
  1435 | D:2      | Found a faded altar of an unknown god.
  1435 | D:2      | Found a shattered altar of Ashenzari.
  1443 | D:2      | Found an opulent altar of Gozag.
  1445 | D:2      | Found a sparkling altar of Nemelex Xobeh.
  1446 | D:2      | Found a hazy altar of Hepliaklqana.
  1499 | D:2      | Found Zin's Purification Station.
  1502 | D:2      | Found a glowing silver altar of Zin.
  1747 | D:2      | Learned a level 4 spell: Throw Icicle
  2289 | D:3      | Reached XP level 5. HP: 35/35 MP: 8/10
  2385 | D:2      | fuck
  3072 | D:3      | Noticed Natasha
  3149 | D:3      | Killed Natasha
  3149 | D:3      | Reached XP level 6. HP: 32/41 MP: 7/11
  3218 | D:3      | Noticed Natasha
  3222 | D:3      | Killed Natasha
  3232 | D:3      | Noticed Natasha
  3236 | D:3      | Killed Natasha
  3333 | D:3      | Learned a level 4 spell: Summon Ice Beast
  3711 | D:4      | Reached skill level 5 in Ice Magic
  3728 | D:4      | Noticed bosm's ghost (amateur VSAs)
  3746 | D:4      | Killed bosm's ghost
  3746 | D:4      | Reached XP level 7. HP: 36/46 MP: 1/14
  4122 | D:4      | Reached skill level 5 in Spellcasting
  4336 | D:4      | Found a hide-covered altar of Uskayaw.
  4728 | D:4      | Reached XP level 8. HP: 52/52 MP: 4/15
  4784 | D:4      | Found a sacrificial altar of Ru.
  4918 | D:5      | Entered Level 5 of the Dungeon
  5076 | D:5      | Identified Giutz's Almanac of Assistive Changing
  5089 | D:5      | Learned a level 3 spell: Ozocubu's Armour
  5092 | D:5      | Learned a level 2 spell: Sticks to Snakes
  5119 | D:5      | Found an ancient bone altar of Kikubaaqudgha.
  5129 | D:5      | Found a shadowy altar of Dithmenos.
  5379 | D:5      | Noticed a hippogriff
  5880 | D:5      | Killed a hippogriff
  6142 | D:5      | Reached skill level 5 in Conjurations
  6881 | D:6      | You fall through a shaft!
  6997 | D:6      | Reached skill level 1 in Transmutations
  7112 | D:6      | HP: 1/52 [wyvern skeleton (7)]
  7115 | D:6      | Slain by a wyvern skeleton

Skill      XL: |  1  2  3  4  5  6  7  8 |
---------------+-------------------------+-----
Conjurations   | 1 2 3 4 5 |  5.2
Spellcasting   | 3 4 5 6 |  6.1
Ice Magic      | 4 5 6 |  6.8
Transmutations | 1 |  1.0
Dodging        | |  1.7
Stealth        | |  2.4
Summonings     | |  0.8

Action                   |  1- 3 |  4- 6 |  7- 9 || total
-------------------------+-------+-------+-------++-------
Melee: Unarmed           |     3 |       |       ||     3
       Dagger            |    63 |    58 |    84 ||   205
 Fire: Hunting sling     |       |     5 |       ||     5
 Cast: Freeze            |    32 |    56 |    69 ||   157
       Throw Frost       |       |    19 |    23 ||    42
       Throw Icicle      |       |       |     6 ||     6
       Summon Ice Beast  |       |       |     3 ||     3
 Abil: Dig               |       |     3 |     8 ||    11
Evoke: Wand              |       |       |     2 ||     2
  Use: Scroll            |     1 |    11 |     2 ||    14
       Potion            |       |       |     5 ||     5
 Stab: Sleeping          |     2 |     5 |     1 ||     8
  Eat: Chunk             |     2 |     9 |     8 ||    19
       Meat ration       |       |       |     1 ||     1
Armor: Robe              |    29 |    29 |    22 ||    80
Dodge: Dodged            |    76 |    66 |   113 ||   255
